 Dungeon Crawl Stone Soup version 0.31-a0-743-g45f7035092 (webtiles) character file.

Game seed: 3390156304053779403

374 ooooo the Shooter (level 6, -7/52 (63) HPs)
             Began as an Octopode Hunter on Sept 13, 2023.
             Was an Initiate of Gozag.
             Mangled by a wight
             ... wielding a +4 halberd
              (10 damage)
             ... in an ossuary.
             The game lasted 00:06:38 (2854 turns).

ooooo the Shooter (Octopode Hunter)                 Turns: 2854, Time: 00:06:39

HP:   -7/52 (63)    AC: 23    Str: 11    XL:     6   Next: 72%
MP:   6/6           EV:  2    Int: 11    God:    Gozag
Gold: 171           SH:  0    Dex: 17    Spells: 5/5 levels left

rFire   . . .        a - +0 shortbow
rCold   . . .        (shield currently unavailable)
rNeg    + . .        (helmet currently unavailable)
rPois   +            g - amulet of the acrobat
rElec   .            c - ring of positive energy
rCorr   .            (no ring)
SInv    .            (no ring)
Will    .....        (no ring)
Stlth   +++          (no ring)
HPRegen 0.28/turn    (no ring)
MPRegen 0.10/turn    (no ring)
                     (no ring)

%: acrobat
@: tree-form, heavily drained
A: stationary, stasis, torment immunity, boosted hp, almost no armour,
(amphibious), 8 rings, (camouflage 1), (gelatinous body 1), (nimble swimmer 1),
(tentacles)
a: Renounce Religion, Potion Petition, Call Merchant, Bribe Branch


You were in an ossuary.
You worshipped Gozag.
Gozag was aware of your devotion.
You were a tree.
You visited 2 branches of the dungeon, and saw 5 of its levels.
You also visited: Ossuary.

You collected 299 gold pieces.
You paid 128 gold pieces to Gozag.

Inventory:

Hand Weapons
 a - a +0 shortbow (weapon)
Jewellery
 c - a ring of positive energy (left branch)
 g - an amulet of the acrobat (around neck)
Talismans
 e - a beast talisman
Scrolls
 b - a scroll of butterflies
 i - a scroll of teleportation
Potions
 d - 2 potions of enlightenment
 h - a potion of curing {unknown}
 k - a potion of brilliance


   Skills:
 + Level 3.5 Fighting
 + Level 5.0 Ranged Weapons
 + Level 3.6 Dodging
 + Level 4.3 Stealth
 + Level 2.1 Shapeshifting


You had 5 spell levels left.
You didn't know any spells.
Your spell library contained the following spells:

 Spells                   Type           Power      Damage    Failure   Level
 Apportation              Tloc           0%         N/A       34%         1
 Jinxbite                 Hex            0%         N/A       47%         2
 Sublimation of Blood     Necr           0%         N/A       47%         2
 Wereblood                Tmut           0%         N/A       47%         2
 Alistair's Intoxication  Tmut/Pois      0%         N/A       100%        5
 Summon Hydra             Summ           0%         N/A       100%        7


Dungeon Overview and Level Annotations

Branches:
Dungeon (4/15) Zot: 21178  Temple (1/1) D:4 Zot: 5981 Ossuary (1/1) Zot: 5947

Altars:
Elyvilon
Gozag
Hepliaklqana
Kikubaaqudgha
Nemelex Xobeh
Okawaru
Uskayaw
Xom
Yredelemnul
Zin

Shops:
D:1 *


Innate Abilities, Weirdness & Mutations

You are a tree.
Your roots penetrate the ground, keeping you stationary.
You cannot be teleported.
You are immune to unholy pain and torment.
Your maximum health is greatly increased.
You cannot wear most types of armour.
((You are amphibious.))
You can wear up to eight rings at the same time.
((Your skin changes colour to match your surroundings (Stealth+).))
((Your rubbery body absorbs attacks. (AC +1, EV +1)))
((You are camouflaged when in or above water. (Stealth+)))
((You have tentacles for arms and can constrict up to eight enemies at once.))


Message History

You shoot an arrow. The arrow hits the wight.
The wight is heavily damaged.
The wight hits you but does no damage.
Fire: a) +0 shortbow
Press: ? - help, Q - select action, (/) - cycle Shift-Dir - straight line, f/p - wight
Aim: a wight, wielding a +4 halberd and wearing a +0 robe (heavily damaged, 63% to hit)
You shoot an arrow.
The arrow hits the wight but does no damage.
The wight is heavily damaged.
The wight hits you but does no damage. x2
Fire: a) +0 shortbow
Press: ? - help, Q - select action, (/) - cycle Shift-Dir - straight line, f/p - wight
Aim: a wight, wielding a +4 halberd and wearing a +0 robe (heavily damaged, 63% to hit)
You shoot an arrow. The arrow hits the wight.
The wight is heavily damaged.
The wight hits you from afar with a +4 halberd.
* * * LOW HITPOINT WARNING * * *
Fire: a) +0 shortbow
Press: ? - help, Q - select action, (/) - cycle Shift-Dir - straight line, f/p - wight
Aim: a wight, wielding a +4 halberd and wearing a +0 robe (heavily damaged, 63% to hit)
You shoot an arrow.
The arrow hits the wight but does no damage.
The wight is heavily damaged.
The wight hits you but does no damage.
Fire: a) +0 shortbow
Press: ? - help, Q - select action, (/) - cycle Shift-Dir - straight line, f/p - wight
Aim: a wight, wielding a +4 halberd and wearing a +0 robe (heavily damaged, 63% to hit)
You shoot an arrow. The arrow closely misses the wight.
The wight hits you from afar with a +4 halberd.
* * * LOW HITPOINT WARNING * * *
You partially resist.
You feel drained.
* * * LOW HITPOINT WARNING * * *
Fire: a) +0 shortbow
Press: ? - help, Q - select action, (/) - cycle Shift-Dir - straight line, f/p - wight
Aim: a wight, wielding a +4 halberd and wearing a +0 robe (heavily damaged, 63% to hit)
You shoot an arrow. The arrow hits the wight.
The wight is severely damaged.
The wight hits you from afar with a +4 halberd!
You die...
Your body crumbles into a pile of gold.

..# ##......## ..##
#...####.## ∩..##
#####....#.#..# ....##
##..#..........#
.....###.#............#
∩...#...###..........##
...###### #.#.......##
.### ####.....## ##
##.♣.## # ##'## +.z.#
#.### +.+ #.# +.+ #.#
+.+


You could see a wight.

Vanquished Creatures
  Sigmund (D:3)
  A phantom (D:4)
  A mummy (D:4)
  5 adders
  2 dart slugs
  An orc (D:4)
  3 ball pythons
  4 bats
  5 endoplasms
  3 giant cockroaches
  7 goblins
  10 hobgoblins
  4 jackals (D:1)
  2 quokkas
  4 frilled lizards
  5 kobolds
  6 rats
64 creatures vanquished.

Notes
Turn   | Place    | Note
-------+----------+-------------------------------------------
     0 | D:1      | ooooo the Octopode Hunter began the quest for the Orb.
     0 | D:1      | Reached XP level 1. HP: 14/14 MP: 1/1
    59 | D:1      | Reached XP level 2. HP: 4/19 MP: 2/2
   272 | D:1      | Found Yquvoklu's General Store.
   336 | D:1      | Reached XP level 3. HP: 25/25 MP: 3/3
  1075 | D:2      | Reached XP level 4. HP: 30/30 MP: 4/4
  1841 | D:3      | Found a shimmering altar of Xom.
  1870 | D:3      | Reached skill level 1 in Shapeshifting
  1870 | D:3      | D
  2077 | D:3      | Found a glowing silver altar of Zin.
  2290 | D:3      | Found an iron altar of Okawaru.
  2350 | D:3      | Noticed Sigmund
  2371 | D:3      | Killed Sigmund
  2372 | D:3      | Reached XP level 5. HP: 15/36 MP: 1/5
  2372 | D:3      | Reached XP level 6. HP: 17/42 MP: 1/6
  2609 | D:4      | Found a staircase to the Ecumenical Temple.
  2618 | Temple   | Entered the Ecumenical Temple
  2627 | Temple   | Became a worshipper of Gozag Ym Sagoz the Greedy
  2687 | D:4      | Reached skill level 5 in Ranged Weapons
  2788 | D:4      | Found a sand-covered staircase.
  2804 | Ossuary  | Entered an ossuary
  2854 | Ossuary  | Mangled by a wight

Illustrated notes

########
##......#####
#####...........##
#>.......♣♣.♣♣...##
#..##..♣..♣.♣..♣..#
#.h.#..♣♣.....♣♣..#
#.#.#......_.......
#.#....♣♣.....♣♣...
#.###..♣..♣.♣..♣...
#. ##...♣♣.♣♣...#.
#† ##..........##
#. ##########... #.
##.# #.#


Turn 1870 on D:3: D

Levels and vault maps discovered:
D:1:      psy_arrival_radial02, layout_loops_ring, serial_shops,
          nicolae_shop_trees
D:2:      layout_loops_ring, grunt_ministairs_2, kennysheep_generic_room_11
D:3:      layout_basic, zin_treasury, overflow_temple_1_default,
          mainiacjoe_overflow_small_starburst, uniq_sigmund
D:4:      layout_basic, mainiacjoe_overflow_cross_hatched,
          minmay_temple_entry_grid, gup_ossuary_entry_pyramid
Temple:   nicolae_temple_ecumenical_triangle
Ossuary:  ossuary_due_cavern

Skill      XL: |  1  2  3  4  5  6 |
---------------+-------------------+-----
Stealth        | 2 4 |  4.3
Shapeshifting  | 1 2 |  2.1
Fighting       | 3 |  3.5
Dodging        | 3 |  3.6
Ranged Weapons | 5 |  5.0

Action                     |  1- 3 |  4- 6 || total
---------------------------+-------+-------++-------
   Fire: Shortbow          |    96 |   129 ||   225
    Use: Scroll            |     2 |     4 ||     6
         Potion            |       |     2 ||     2
 Armour: Skin              |    19 |    35 ||    54
  Dodge: Dodged            |    29 |    33 ||    62
   Form: Beast             |     1 |       ||     1

Table legend: (Time is in decaauts)
 A = Elapsed time spent in this place.
 B = Non-inter-level travel time spent in this place.
 C = Inter-level travel time spent in this place.
 D = Time resting spent in this place.
 E = Time spent auto-exploring this place.
 F = Levels seen in this place.
 G = Mean time per level.
                   A        B        C        D        E       F      G
               +--------+--------+--------+--------+--------+-----+--------+
         Total |   2892 |   2786 |    106 |     18 |   2276 |   6 |  482.0 |
       Dungeon |   2822 |   2716 |    106 |     18 |   2243 |   4 |  705.5 |
        Temple |     18 |     18 |      0 |      0 |      0 |   1 |   18.0 |
       Ossuary |     51 |     51 |      0 |      0 |     33 |   1 |   51.0 |
               +--------+--------+--------+--------+--------+-----+--------+

Top non-repeatable levels by time:
     D:3: 945 daAuts
     D:2: 853 daAuts
     D:1: 797 daAuts
     D:4: 225 daAuts
 Ossuary: 51 daAuts
  Temple: 18 daAuts
